 Dungeon Crawl Stone Soup version 0.21-a0-78-g82a99e0 (webtiles) character file.

2406 Rrauwl the Cudgeler (level 9, -8/89 HPs)
             Began as a Troll Monk on June 22, 2017.
             Was an Elder of Okawaru.
             Mangled by an orc warrior
             ... wielding a +0 short sword of protection
              (12 damage)
             ... on level 7 of the Dungeon.
             The game lasted 00:14:24 (4024 turns).

Rrauwl the Cudgeler (Troll Monk)                    Turns: 4024, Time: 00:14:25

Health: -8/89      AC:  6    Str: 22    XL:     9   Next: 23%
Magic:  11/11      EV: 13    Int:  6    God:    Okawaru [****..]
Gold:   262        SH:  0    Dex: 14    Spells: 8/8 levels left

rFire    . . .     SeeInvis +   u - +4 quarterstaff (chaos)
rCold    . . .     Gourm    +   (shield currently unavailable)
rNeg     . . .     Faith    .   f - +0 robe
rPois    .         Spirit   .   (helmet restricted)
rElec    .         Reflect  .   t - +0 cloak {MR+}
rCorr    .         Harm     .   (gloves unavailable)
MR       +....                  (boots unavailable)
Stlth    ++........             l - amulet of regeneration
HPRegen  1.04/turn              k - ring of flight
MPRegen  0.12/turn              e - ring of see invisible

@: lethally poisoned (-8 -> -9)
A: unfitting armour, claws 3, fast metabolism 3, gourmand, regeneration 1,
shaggy fur 1, tough skin 2
a: Heroism, Renounce Religion, Evoke Flight


You were on level 7 of the Dungeon.
You worshipped Okawaru.
Okawaru was greatly pleased with you.
You were very full.

You visited 2 branches of the dungeon, and saw 8 of its levels.

You collected 262 gold pieces.

Inventory:

Hand Weapons
 a - a +3 whip of venom
 b - the +8 hunting sling of Sloth {venom, rPois MP+9 Str+9 Dex-3}
   (You found it on level 5 of the Dungeon)

   It poisons the ammo it fires.
   It affects your strength (+9).
   It affects your dexterity (-3).
   It protects you from poison.
   It affects your magic capacity (+9).
 u - a +4 quarterstaff of chaos (weapon)
Missiles
 d - 56 sling bullets
Armour
 f - a +0 robe (worn)
 t - a +0 cloak of magic resistance (worn)
Jewellery
 e - a ring of see invisible (right claw)
 k - a ring of flight (left claw)
 l - an amulet of regeneration (around neck)
Wands
 q - a wand of acid (5/15)
 s - a wand of confusion (9/48)
Scrolls
 i - 2 scrolls of amnesia
 j - a scroll of teleportation
 m - 4 scrolls of enchant weapon
 p - a scroll of remove curse
Potions
 g - 3 potions of brilliance
 o - a potion of curing
Comestibles
 c - 5 bread rations
 h - 2 meat rations


   Skills:
 + Level 5.9 Fighting
 + Level 6.7 Maces & Flails
 + Level 6.0 Dodging
 - Level 1.0 Stealth
 + Level 4.3 Invocations


You had 8 spell levels left.
You didn't know any spells.

Dungeon Overview and Level Annotations

Branches:
Dungeon (7/15)             Temple (1/1) D:4

Altars:
Cheibriados
Dithmenos
Elyvilon
Fedhas
Gozag
Hepliaklqana
Kikubaaqudgha
Nemelex Xobeh
Okawaru
Qazlal
Ru
Sif Muna
Vehumet
Xom
Yredelemnul
Zin

Shops:
D:7 *

Annotations:
D:7 Prince Ribbit


Innate Abilities, Weirdness & Mutations

You are too large for most types of armour.
You have claws for hands.
Your metabolism is lightning-fast.
You like to eat raw meat.
Your natural rate of healing is unusually fast.
You are covered in fur. (AC +1)
You have very tough skin. (AC +2)


Message History

You hit the worker ant.
You feel better.
Your skin glows momentarily.
The worker ant is heavily wounded.
You feel sick. The worker ant barely misses you.
The orc warrior barely misses you.
You hit the worker ant.
The worker ant is poisoned.
The worker ant is severely wounded.
You feel sick. The worker ant bites you.
* * * LOW HITPOINT WARNING * * *
The orc warrior hits you with a short sword of protection.
* * * LOW HITPOINT WARNING * * *
The worker ant closely misses you.
You closely miss the worker ant.
The worker ant is almost dead.
You feel sick.
You kill the worker ant!
Okawaru accepts your kill.
The orc warrior hits you with a short sword of protection!
* * * LOW HITPOINT WARNING * * *
The orc warrior hits you with a short sword of protection!
You die...

#h##
#........##
..####.
#.......o..#
......#.
#.......F....
.........
..........$.##
......$...
##........oo#
#..........
#...∩(.....#
...........##
......o)####
......$@...#
......####.....
..... ... ....
. ... .. .


You could see an orc warrior.

Vanquished Creatures
  Pikel (D:5)
  Sigmund (D:6)
  Eustachio (D:5)
  2 water moccasins (D:6)
  Duvessa (D:7)
  A sky beast (D:7)
  2 slaves (D:5)
  A phantom (D:6)
  An ogre (D:5)
  A bullfrog (D:3)
  Blork the orc (D:5)
  Dowan (D:7)
  3 scorpions
  A howler monkey (D:5)
  2 crimson imps
  2 orc priests
  A gnoll shaman (D:6)
  Crazy Yiuf (D:5)
  A bullfrog skeleton (D:6)
  A centaur skeleton (D:5)
  Jessica (D:2)
  An iguana (D:5)
  5 worker ants
  A hound zombie (D:6)
  Robin (D:4)
  4 gnolls (D:6)
  14 adders
  A shadow imp (D:5)
  A white imp (D:6)
  An ooze (D:3)
  A worm (D:2)
  5 dart slugs
  A leopard gecko (D:1)
  11 orcs
  4 giant cockroaches
  17 goblins
  9 hobgoblins
  6 jackals
  5 quokkas
  A ball python (D:3)
  6 bats
  11 frilled lizards
  6 kobolds
  A quokka skeleton (D:6)
  6 rats
146 creatures vanquished.

Notes
Turn   | Place    | Note
-------+----------+-------------------------------------------
     0 | D:1      | Rrauwl the Troll Monk began the quest for the Orb.
     0 | D:1      | Reached XP level 1. HP: 22/22 MP: 0/0
   186 | D:1      | Reached XP level 2. HP: 29/29 MP: 1/1
   362 | D:1      | Found a sparkling altar of Nemelex Xobeh.
   530 | D:2      | Noticed Jessica
   545 | D:2      | Reached XP level 3. HP: 35/36 MP: 2/2
   555 | D:2      | Killed Jessica
   618 | D:2      | Reached XP level 4. HP: 36/45 MP: 3/3
  1002 | D:3      | Noticed a bullfrog
  1011 | D:3      | Killed a bullfrog
  1011 | D:3      | Reached XP level 5. HP: 41/53 MP: 4/4
  1411 | D:3      | Reached XP level 6. HP: 62/62 MP: 5/5
  1471 | D:3      | Found an ancient bone altar of Kikubaaqudgha.
  1614 | D:4      | Noticed Robin
  1636 | D:4      | Killed Robin
  1692 | D:4      | Found a staircase to the Ecumenical Temple.
  1702 | Temple   | Entered the Ecumenical Temple
  1709 | Temple   | Became a worshipper of Warmaster Okawaru
  1709 | Temple   | Reached * piety under Okawaru
  1709 | Temple   | Reached ** piety under Okawaru
  1786 | D:4      | Found a sparkling altar of Nemelex Xobeh.
  2017 | D:5      | Entered Level 5 of the Dungeon
  2079 | D:5      | Got a warped hunting sling
  2080 | D:5      | Identified the +8 hunting sling of Sloth {venom, rPois MP+9 Str+9 Dex-3} (You found it on level 5 of the Dungeon)
  2267 | D:5      | Noticed Eustachio
  2276 | D:5      | Killed Eustachio
  2276 | D:5      | Reached XP level 7. HP: 60/71 MP: 6/6
  2443 | D:5      | Reached skill level 5 in Maces & Flails
  2479 | D:5      | Reached skill level 1 in Invocations
  2559 | D:5      | Noticed Blork the orc
  2572 | D:5      | Killed Blork the orc
  2780 | D:5      | Noticed Pikel
  2821 | D:5      | Killed Pikel
  2821 | D:5      | Reached *** piety under Okawaru
  2821 | D:5      | Reached **** piety under Okawaru
  2821 | D:5      | Reached skill level 5 in Fighting
  2821 | D:5      | Reached skill level 5 in Dodging
  2821 | D:5      | Reached XP level 8. HP: 75/80 MP: 7/9
  3195 | D:5      | Found a runed door.
  3199 | D:5      | Noticed Crazy Yiuf
  3208 | D:5      | Killed Crazy Yiuf
  3361 | D:6      | Noticed Sigmund
  3395 | D:6      | Killed Sigmund
  3408 | D:6      | You fall through a shaft!
  3418 | D:7      | Noticed Duvessa
  3424 | D:7      | Noticed Prince Ribbit
  3432 | D:7      | Found Oluhas's General Store.
  3732 | D:6      | Reached XP level 9. HP: 80/88 MP: 10/10
  3777 | D:6      | Found a glowing silver altar of Zin.
  4004 | D:7      | Noticed Dowan
  4019 | D:7      | Killed Dowan
  4020 | D:7      | Killed Duvessa
  4024 | D:7      | HP: 4/89 [orc warrior/short sword of protection (9)]
  4024 | D:7      | Mangled by an orc warrior

Vault maps used:
D:1:      dpeg_arrival_rooms_a, minivault_4, nemelex_diamond_rough_becter
D:2:      uniq_jessica
D:3:      kiku_gazebo_garden_becter, first_bread
D:4:      nemelex_xobeh_ov_fountains_minmay, temple_statues, minmay_misc_feat_x,
          grunt_decor_mini_mirrors, uniq_robin
D:5:      uniq_eustachio, uniq_crazy_yiuf_cottage, uniq_pikel,
          uniq_blork_the_orc
D:6:      zin_scriptorium, uniq_sigmund
D:7:      lemuel_round_altar, serial_shops, shop, uniq_prince_ribbit1,
          uniq_duvessa
Temple:   cyrus_circular_temple

Skill      XL: |  1  2  3  4  5  6  7  8  9 |
---------------+----------------------------+-----
Maces & Flails | 3 4 5 6 |  6.7
Fighting       | 3 4 5 |  5.9
Dodging        | 3 4 5 6 |  6.0
Invocations    | 2 3 4 |  4.3
Stealth        | |  1.0

Action                   |  1- 3 |  4- 6 |  7- 9 || total
-------------------------+-------+-------+-------++-------
Melee: Mace              |    14 |       |       ||    14
       Whip              |    60 |   178 |    96 ||   334
       Quarterstaff      |       |       |   111 ||   111
Invok: Heroism           |       |       |     1 ||     1
Evoke: Wand              |       |       |     5 ||     5
  Use: Scroll            |     3 |     7 |     3 ||    13
       Potion            |     3 |     1 |     1 ||     5
 Stab: Sleeping          |     2 |     7 |     1 ||    10
       Distracted        |       |       |     1 ||     1
  Eat: Chunk             |    10 |    16 |    16 ||    42
Armor: Robe              |    17 |    37 |    64 ||   118
Dodge: Dodged            |    30 |    87 |   153 ||   270
